 Dungeon Crawl Stone Soup version 0.31.0-12-g77e489cdc1 (webtiles) character file.

Game seed: 7744691226288025024

420 Killerpretzel the Changeling (level 6, -4/63 HPs)
             Began as an Octopode Shapeshifter on Mar 1, 2024.
             Slain by an orc warrior
             ... wielding a +0 battleaxe
              (14 damage)
             ... on level 4 of the Dungeon.
             The game lasted 00:05:05 (3937 turns).

Killerpretzel the Changeling (OpSh)                 Turns: 3937, Time: 00:05:05

Health: -4/63      AC: 23    Str: 13    XL:     6   Next: 94%
Magic:  6/6        EV:  2    Int: 12    God:
Gold:   212        SH:  0    Dex: 14    Spells: 5/5 levels left

rFire   . . .        g - +1 dagger (venom)
rCold   . . .        (no shield)
rNeg    . . .        (helmet currently unavailable)
rPois   +            (no amulet)
rElec   .            (no ring)
rCorr   .            (no ring)
SInv    .            (no ring)
Will    .....        (no ring)
Stlth   +            (no ring)
HPRegen 0.30/turn    (no ring)
MPRegen 0.10/turn    (no ring)
                     (no ring)

%: no passive effects
@: tree-form
A: stationary, stasis, torment immunity, boosted hp, almost no armour,
(amphibious), 8 rings, (camouflage 1), (gelatinous body 1), (nimble swimmer 1),
(tentacles)
a: no special abilities


You were on level 4 of the Dungeon.
You were a tree.
You visited 1 branch of the dungeon, and saw 5 of its levels.

You collected 212 gold pieces.

Inventory:

Hand Weapons
 g - a +1 dagger of venom (weapon)
 l - the +8 rapier of Accidental Termination {heavy, Dex+2}
   (You took it off a hobgoblin on level 3 of the Dungeon)

   Dex+2:     It affects your dexterity (+2).
 x - the +3 falchion of Unreason {freeze, rElec Str+2}
   (You found it on level 3 of the Dungeon)

   Str+2:     It affects your strength (+2).
   rElec:     It insulates you from electricity.
Talismans
 b - a beast talisman
 c - a flux talisman
Wands
 e - a wand of paralysis (10)
 f - a wand of roots (9)
 i - a wand of flame (15)
Potions
 a - 2 potions of lignification
 d - a potion of mutation
 k - a potion of heal wounds
 n - a potion of haste {unknown}
 q - a potion of cancellation {unknown}
 s - a potion of enlightenment {unknown}
 u - a potion of berserk rage {unknown}


   Skills:
 + Level 3.0 Fighting
 + Level 3.6 Dodging
 + Level 4.2 Unarmed Combat
 * Level 4.9 Shapeshifting


You had 5 spell levels left.
You didn't know any spells.
Your spell library contained the following spells:

 Spells                   Type           Power      Damage    Failure   Level
 Sting                    Conj/Alch      0%         1d3       32%         1
 Mercury Vapours          Alch/Air       0%         N/A       45%         2
 Static Discharge         Conj/Air       0%         3-3/arc   45%         2
 Inner Flame              Hex/Fire       0%         N/A       69%         3
 Airstrike                Air            0%         2d(0-16)  97%         4
 Flame Wave               Conj/Fire      0%         2d4       97%         4
 Olgreb's Toxic Radiance  Alch           0%         N/A       97%         4
 Sticky Flame             Fire/Alch      0%         2d4       97%         4
 Summon Lightning Spire   Summ/Air       0%         N/A       97%         4
 Sculpt Simulacrum        Ice/Alch       0%         N/A       100%        6
 Ozocubu's Refrigeration  Ice            0%         4d7       100%        7
 Polar Vortex             Ice            0%         N/A       100%        9


Dungeon Overview and Level Annotations

Branches:
Dungeon (5/15)
 Temple: D:4-7

Altars:

Shops:
D:4 *[

Annotations:
D:3 2 runed translucent doors, topfpfpflanze's ghost, amateur OpSh
D:4 1 runed translucent door, exclusion: black bear


Innate Abilities, Weirdness & Mutations

You are a tree.
Your roots penetrate the ground, keeping you stationary.
You cannot be teleported.
You are immune to unholy pain and torment.
Your maximum health is greatly increased.
You cannot wear most types of armour.
((You are amphibious.))
You can wear up to eight rings at the same time.
((Your skin changes colour to match your surroundings (Stealth+).))
((Your rubbery body absorbs attacks. (AC +1, EV +1)))
((You are camouflaged when in or above water. (Stealth+)))
((You have tentacles for arms and can constrict up to eight enemies at once.))


Message History

You lose your grip on the orc warrior.
The orc warrior hits you but does no damage.
The gnoll hits you but does no damage.
You hit the orc warrior.
The orc warrior is heavily wounded.
The orc warrior hits you but does no damage.
The gnoll completely misses you.
You hit the orc warrior but do no damage.
The orc warrior looks even sicker.
The orc warrior is heavily wounded.
The orc warrior hits you but does no damage.
The gnoll hits you but does no damage.
You hit the orc warrior but do no damage.
The orc warrior looks as sick as possible!
The orc warrior is heavily wounded.
The orc warrior hits you with a +0 battleaxe!
The gnoll hits you but does no damage.
You barely miss the orc warrior.
The orc warrior is heavily wounded.
The orc warrior hits you with a +0 battleaxe!
* * * LOW HITPOINT WARNING * * *
The gnoll hits you from afar with a +0 halberd.
* * * LOW HITPOINT WARNING * * *
You barely miss the orc warrior.
The orc warrior is heavily wounded.
The orc warrior hits you but does no damage.
The gnoll hits you but does no damage.
You barely miss the orc warrior.
The orc warrior is heavily wounded.
The orc warrior barely misses you. The gnoll hits you but does no damage.
You hit the orc warrior but do no damage.
The orc warrior looks as sick as possible!
The orc warrior is severely wounded.
The orc warrior hits you but does no damage.
The gnoll hits you from afar with a +0 halberd.
* * * LOW HITPOINT WARNING * * *
You barely miss the orc warrior.
The orc warrior is severely wounded.
The orc warrior hits you with a +0 battleaxe!
You die...

# ###....#### #....#
#....##### #.##.....#
#.##.###.# ##### #.##.#
#.#
######)..#####.##.###.#
#...................#.#
###.####♣..####...#..#..#
.......o#### #......###..
.##$###g# ##...#.)#..#
..# ##.####.### ##.# #.#
### ....# #.# #.... #+#
#.#.# #.#.# .


You could see an orc warrior (extremely poisoned) and a gnoll.

Vanquished Creatures
  A bullfrog (D:4)
  A jelly (D:4)
  An orc priest (D:4)
  Natasha (thrice) (D:2)
  An orc wizard (D:4)
  3 gnolls (D:4)
  3 adders
  A white imp (D:5)
  15 dart slugs
  A ribbon worm (D:3)
  5 orcs (D:4)
  5 bats
  7 endoplasms
  10 goblins
  5 hobgoblins
  12 jackals
  4 kobolds
  5 quokkas
  7 ball pythons
  8 rats
98 creatures vanquished.

Notes
Turn   | Place    | Note
-------+----------+-------------------------------------------
     0 | D:1      | Killerpretzel the Octopode Shapeshifter began the quest for
                  | the Orb.
     0 | D:1      | Reached XP level 1. HP: 13/13 MP: 1/1
   160 | D:1      | Reached XP level 2. HP: 18/18 MP: 2/2
   593 | D:1      | Reached XP level 3. HP: 23/23 MP: 3/3
  1347 | D:2      | Noticed Natasha
  1353 | D:2      | Killed Natasha
  1354 | D:2      | Reached XP level 4. HP: 16/29 MP: 4/4
  1643 | D:2      | Noticed Natasha
  1648 | D:2      | Killed Natasha
  1649 | D:2      | Reached XP level 5. HP: 18/34 MP: 5/5
  1811 | D:2      | Noticed Natasha
  1816 | D:2      | Killed Natasha
  2333 | D:3      | Found a faded altar of an unknown god.
  2343 | D:3      | Identified the +8 rapier of Accidental Termination {heavy,
                  | Dex+2}
  2414 | D:3      | You fall into a shaft and drop 2 floors!
  2414 | D:5      | Entered Level 5 of the Dungeon
  2518 | D:4      | Reached XP level 6. HP: 31/41 MP: 6/6
  2573 | D:4      | Found Axuwkapn's Antique Armour Boutique.
  2735 | D:4      | Noticed a black bear
  3042 | D:4      | Found a runed translucent door.
  3061 | D:3      | Found a runed translucent door.
  3062 | D:3      | Noticed topfpfpflanze's ghost (amateur OpSh)
  3333 | D:3      | Identified the +3 falchion of Unreason {freeze, rElec
                  | Str+2}
  3417 | D:3      | Found a runed translucent door.
  3711 | D:4      | Found Siumpeeb's General Store.
  3915 | D:4      | Noticed an orc warrior
  3937 | D:4      | Slain by an orc warrior

Illustrated notes

Levels and vault maps discovered:
D:1:      orjb1_clovarrival, layout_loops_corners, nicolae_eternal_life,
          nrook_mini_backslash, serial_bayou_pond_e,
          chequers_serial_rivers_large_b, skrybe_limestone_x, minmay_ruptured
D:2:      layout_basic, kennysheep_generic_room_10, uniq_natasha
D:3:      kennysheep_slugbush, layout_basic,
          dreamdust_ecumenical_altar_angels_and_demons, ebering_ghost_sewer_f,
          guppyfry_early_lair_pool
D:4:      layout_loops_corners, ebering_ghost_sewer_d, serial_shops,
          nicolae_shop_tiny_statue_garden, nicolae_shop_tiny_statue_garden
D:5:      kennysheep_windowed_halls, layout_cave_pools,
          chequers_serial_rivers_large_a, kennysheep_generic_room_7

Skill      XL: |  1  2  3  4  5  6 |
---------------+-------------------+-----
Fighting       | 2 3 |  3.0
Shapeshifting  | 4 |  4.9
Dodging        | 3 |  3.6
Unarmed Combat | 4 |  4.2

Action                     |  1- 3 |  4- 6 || total
---------------------------+-------+-------++-------
  Melee: Unarmed           |    48 |       ||    48
         Constrict         |    15 |    42 ||    57
         Tentacles         |    10 |    34 ||    44
         Punch             |     1 |     7 ||     8
         Dagger            |    15 |   127 ||   142
    Use: Scroll            |     2 |    10 ||    12
         Potion            |       |     1 ||     1
   Stab: Sleeping          |    10 |     5 ||    15
 Armour: Skin              |    30 |    75 ||   105
  Dodge: Dodged            |    34 |    67 ||   101
